 Dungeon Sprint DCSS version 0.17-a0-146-gd505748 (webtiles) character file.

349 Rule34Fan the Fighter (level 6, 0/67 HPs)
             Began as a Hill Orc Fighter on Mar 25, 2015.
             Was an Initiate of Trog.
             Killed from afar by Sonja (1 damage)
             ... with a wand of magic darts
             ... in the Dungeon (Sprint I: "Red Sonja").
             The game lasted 00:07:00 (931 turns).

Rule34Fan the Fighter (Hill Orc Fighter)             Turns: 931, Time: 00:07:00

Health: 0/67       AC:  7    Str: 21    XL:     6   Next: 60%
Magic:  6/6        EV:  8    Int:  8    God:    Trog [......]
Gold:   52         SH: 11    Dex: 10    Spells: 0 memorised, 5 levels left

rFire  . . .     SeeInvis .     a - +0 war axe
rCold  . . .     Clarity  .     b - +0 scale mail
rNeg   . . .     SustAb   .     c - +0 shield
rPois  .         Gourm    .     (no helmet)
rElec  .         Spirit   .     (no cloak)
rCorr  .         Warding  .     (no gloves)
rMut   .         NoTele   +     (no boots)
MR     .....                    (no amulet)
Stlth  ..........               (no ring)
                                (no ring)

@: lethally poisoned (0 -> -33), exhausted, short of breath, hasted and slowed,
not resistant to hostile enchantments, extremely unstealthy
A: no striking features
a: Burn Spellbooks, Renounce Religion


You were in the Dungeon.
You worshipped Trog.
Trog was noncommittal.
You were hungry.

You visited 1 branch You collected 162 gold pieces.
You spent 110 gold pieces at shops.

Inventory:

Hand weapons
 a - a +0 war axe (weapon)
Armour
 b - a +0 scale mail (worn)
 c - a +0 shield (worn)
Magical devices
 l - a wand of magic darts (16)
Scrolls
 k - 2 scrolls of blinking
Potions
 e - a potion of might
 f - a potion of curing
 i - 2 potions of magic
Comestibles
 d - a meat ration


   Skills:
 + Level 10.4 Fighting
 + Level 8.3 Axes
 + Level 6.3 Armour
 - Level 0.2 Dodging
 - Level 1.1 Stealth
 + Level 8.7 Shields


You had 5 spell levels left.
You didn't know any spells.

Dungeon Overview and Level Annotations

Branches:
Dungeon (1/1)

Altars:
Elyvilon
Gozag
Kikubaaqudgha
Makhleb
Nemelex Xobeh
Okawaru
Qazlal
Ru
Sif Muna
Trog
Vehumet
Xom
Yredelemnul
Zin
The Shining One

Shops:
D !

Annotations:
D Sonja


Message History

You block Sonja's attack. x2
Sonja barely misses you. Sonja hits you but does no damage.
You are more poisoned.
Sonja hits you but does no damage. Sonja barely misses you.
You barely miss Sonja.
Sonja is heavily wounded.
You are no longer berserk.
You are exhausted.
You feel as though you will be slow longer.
You are feeling hungry.
* * * LOW HITPOINT WARNING * * *
You feel very sick.
Sonja zaps a wand.
The magic dart hits you!
* * * LOW HITPOINT WARNING * * *
Drink which item? (? for menu, Esc to quit)
You feel yourself speed up.
* * * LOW HITPOINT WARNING * * *
You feel very sick.
Sonja zaps a wand.
The magic dart hits you!
You die...

################
#<.#..'.(#..'(.#
#.)'.)#(.)@K#..+
#..#####'#####§#
#..####..# #.#
#..#__#### ##.#
#..#_..__##+#..+
#⌠⌠#_.∩.K.'..._#
####_..._##_.#+#
#_____###'#
####### #.#


You could see Sonja.

Vanquished Creatures
  A yak (D)
  An ogre (D)
  Sigmund (D)
  A jelly (D)
  Ijyb (D)
5 creatures vanquished.

Vanquished Creatures (others)
  A gargoyle (D)
1 creature vanquished.

Grand Total: 6 creatures vanquished

Notes
Turn   | Place    | Note
--------------------------------------------------------------
     0 | D        | Rule34Fan, the Hill Orc Fighter, began the quest for the Orb.
     0 | D        | Reached XP level 1. HP: 19/19 MP: 1/1
     3 | D        | Noticed Ijyb
    31 | D        | Killed Ijyb
    31 | D        | Reached skill level 4 in Fighting
    31 | D        | Reached XP level 2. HP: 16/28 MP: 2/2
   158 | D        | Noticed an ogre
   163 | D        | Killed an ogre
   163 | D        | Reached skill level 7 in Fighting
   163 | D        | Reached skill level 5 in Axes
   163 | D        | Reached XP level 3. HP: 16/39 MP: 3/3
   163 | D        | Reached XP level 4. HP: 19/47 MP: 4/4
   362 | D        | Noticed Sigmund
   378 | D        | Killed Sigmund
   378 | D        | Reached skill level 9 in Fighting
   378 | D        | Reached XP level 5. HP: 17/57 MP: 5/5
   553 | D        | Killed a gargoyle
   699 | D        | Found a deep blue altar of Sif Muna.
   700 | D        | Noticed a jelly
   707 | D        | Killed a jelly
   710 | D        | Found a radiant altar of Vehumet.
   718 | D        | Found Saefugot's Distillery.
   718 | D        | Found a white marble altar of Elyvilon.
   718 | D        | Found a stormy altar of Qazlal.
   718 | D        | Found a burning altar of Makhleb.
   718 | D        | Found a sacrificial altar of Ru.
   718 | D        | Found a basalt altar of Yredelemnul.
   718 | D        | Found a glowing golden altar of the Shining One.
   718 | D        | Found a sparkling altar of Nemelex Xobeh.
   718 | D        | Found a shimmering altar of Xom.
   718 | D        | Found an opulent altar of Gozag.
   718 | D        | Found an ancient bone altar of Kikubaaqudgha.
   718 | D        | Found a glowing silver altar of Zin.
   718 | D        | Noticed a yak
   726 | D        | Killed a yak
   726 | D        | Reached skill level 10 in Fighting
   726 | D        | Reached skill level 1 in Stealth
   726 | D        | Reached XP level 6. HP: 49/67 MP: 6/6
   728 | D        | Found an iron altar of Okawaru.
   729 | D        | Found a bloodstained altar of Trog.
   733 | D        | Became a worshipper of Trog the Wrathful
   737 | D        | Bought a potion of heal wounds for 50 gold pieces
   737 | D        | Bought a potion of curing for 30 gold pieces
   737 | D        | Bought a potion of curing for 30 gold pieces
   896 | D        | Noticed Sonja
   931 | D        | HP: 1/67 [poisoned by Sonja]
   931 | D        | Killed from afar by Sonja

Action                   |  1- 3 |  4- 6 || total
-------------------------+-------+-------++-------
Melee: War axe           |    29 |    31 ||    60
Evoke: Wand              |       |     2 ||     2
  Use: Potion            |       |     6 ||     6
